 Dungeon Sprint DCSS version 0.20.1-1-g8b1a95d (webtiles) character file.

11011 wojtek the Bludgeoner (level 11, -6/114 HPs)
             Began as a Minotaur Fighter on Dec 30, 2017.
             Was an Elder of Makhleb.
             Mangled by the 27-headed Lernaean hydra (11 damage)
             ... in the Dungeon (Sprint I: "Red Sonja").
             The game lasted 00:13:06 (3184 turns).

wojtek the Bludgeoner (Minotaur Fighter)            Turns: 3184, Time: 00:13:08

Health: -6/114     AC: 18    Str: 25    XL:     11   Next: 43%
Magic:  17/17      EV: 12    Int:  7    God:    Makhleb [****..]
Gold:   1253       SH: 11    Dex:  9    Spells: 10/10 levels left

rFire    . . .     SeeInvis .   a - +0 flail
rCold    . . .     Gourm    .   c - +0 shield
rNeg     + . .     Faith    .   s - +4 chain mail {rPois}
rPois    +         Spirit   .   (helmet restricted)
rElec    .         Reflect  .   v - scarf "Beewud" {+Blink rPois rN+ Stlth+}
rCorr    .         Harm     .   (no gloves)
MR       .....     NoTele   +   (no boots)
Stlth    ..........             (no amulet)
Regen    0.3/turn               x - +2 ring of intelligence
MPRegen  0.2/turn               (no ring)

@: very slightly contaminated, hasted, very quick
A: retaliatory headbutt, horns 2, rugged brown scales 1, MP-powered wands
a: Minor Destruction, Lesser Servant of Makhleb, Major Destruction, Renounce
Religion, Evoke Blink


You were in the Dungeon.
You worshipped Makhleb.
Makhleb was greatly pleased with you.
You were hungry.

You visited 1 branch You collected 2038 gold pieces.
You spent 785 gold pieces at shops.

Inventory:

Hand Weapons
 a - a +0 flail (weapon)
Missiles
 y - a throwing net (quivered)
Armour
 b - a +0 scale mail
 c - a +0 shield (worn)
 n - a +0 chain mail
 r - a +0 cloak
 s - a +4 chain mail of poison resistance (worn)
 v - the scarf "Beewud" (worn) {+Blink rPois rN+ Stlth+}
   (You bought it in a shop in the Dungeon)

   It protects you from poison.
   It protects you from negative energy.
   It lets you blink.
   It makes you more stealthy.
Jewellery
 e - an uncursed ring of flight {unknown}
 x - a +2 ring of intelligence (left hand)
Wands
 l - a wand of flame (16/48)
 m - a wand of paralysis (13/24)
 o - a wand of iceblast (7/15)
 p - a wand of clouds (5/9)
Scrolls
 t - a scroll of recharging {unknown}
 u - a scroll of remove curse
 w - a scroll of identify
Potions
 d - a potion of might
 i - 2 potions of magic
 j - a potion of berserk rage
 q - a potion of agility
Comestibles
 f - a bread ration


   Skills:
 + Level 14.5 Fighting
 * Level 19.2 Maces & Flails
 + Level 14.6 Armour
 + Level 10.9 Dodging
 - Level 8.1 Shields
 + Level 10.1 Invocations


You had 10 spell levels left.
You didn't know any spells.

Dungeon Overview and Level Annotations

Branches:
Dungeon (1/1)

Altars:
Cheibriados
Dithmenos
Elyvilon
Fedhas
Gozag
Hepliaklqana
Kikubaaqudgha
Makhleb
Nemelex Xobeh
Okawaru
Qazlal
Ru
Sif Muna
Trog
Uskayaw
Vehumet
Xom
Yredelemnul
Zin
The Shining One
Jiyva
Lugonu

Shops:
D [:??%([%*:!:[*[[[

Annotations:
D Lernaean hydra


Innate Abilities, Weirdness & Mutations

You reflexively headbutt those who attack you in melee.
You have a pair of horns on your head.
You are partially covered in rugged brown scales. (AC +1, +3% HP)
You expend magic power (3 MP) to strengthen your wands.


Message History

The deep elf annihilator blinks!
You are engulfed in a cloud of scalding steam.
* * * LOW HITPOINT WARNING * * *
The deep elf annihilator is engulfed in a cloud of scalding steam.
The deep elf annihilator hits you but does no damage.
Unknown command.
You feel better.
You are engulfed in a cloud of scalding steam.
* * * LOW HITPOINT WARNING * * *
You feel yourself speed up.
You are engulfed in a cloud of scalding steam.
The deep elf annihilator is engulfed in a cloud of scalding steam.
The deep elf annihilator barely misses you.
A mummy priest comes into view.
The 27-headed Lernaean hydra is engulfed in a cloud of scalding steam.
You block the 27-headed Lernaean hydra's attack.
The 27-headed Lernaean hydra bites you.
* * * LOW HITPOINT WARNING * * *
The 27-headed Lernaean hydra bites you!
You die...

####################
.§.§§...'..#^.'§§§.#
##..§.§##).'..#§§§§##
##§.§#######+#§e§§.#
###+# ..#§.§§§#
#..§#@D§§# #..§.##D##
#..≈. #§####+#
#..≈.#22#§§§§##
#..≈##^§§§§§..#
#..≈#..§.§§§§..#
≈..##.§§§§..§..#
M≈..#..§.§.).....
#.....[......


You could see the 27-headed Lernaean hydra, a golden dragon, a deep elf
annihilator and a mummy priest.

Vanquished Creatures
  2 centaur warriors (D)
  Sonja (D)
  2 unseen horrors (D)
  A deep troll (D)
  A lindwurm (D)
  An oklob plant (D)
  A gargoyle (D)
  2 kobold demonologists (D)
  4 demonic crawlers (D)
  A hornet (D)
  A slime creature (D)
  Sigmund (D)
  2 redbacks (D)
  A yak (D)
  13 hogs (D)
  2 floating eyes (D)
  An ogre (D)
  7 necrophages (D)
  8 jellies (D)
  Ijyb (D)
  2 ballistomycetes (D)
55 creatures vanquished.

Vanquished Creatures (collateral kills)
  A shadow dragon (D)
  A hydra (D)
  A hellwing (D)
  A floating eye (D)
4 creatures vanquished.

Vanquished Creatures (others)
  2 merfolk sirens (D)
  2 hornets (D)
  2 ballistomycete spores (D)
6 creatures vanquished.

Grand Total: 65 creatures vanquished

Notes
Turn   | Place    | Note
-------+----------+-------------------------------------------
     0 | D        | wojtek the Minotaur Fighter began the quest for the Orb.
     0 | D        | Reached XP level 1. HP: 19/19 MP: 0/0
     1 | D        | Noticed Ijyb
     7 | D        | Killed Ijyb
     7 | D        | Reached skill level 5 in Fighting
     7 | D        | Reached skill level 5 in Maces & Flails
     7 | D        | Reached XP level 2. HP: 12/29 MP: 1/1
   187 | D        | Noticed an ogre
   194 | D        | Killed an ogre
   194 | D        | Reached skill level 8 in Maces & Flails
   194 | D        | Reached XP level 3. HP: 5/38 MP: 2/2
   194 | D        | Reached XP level 4. HP: 6/45 MP: 3/3
   454 | D        | Noticed Sigmund
   468 | D        | Killed Sigmund
   468 | D        | Reached skill level 10 in Maces & Flails
   468 | D        | Reached XP level 5. HP: 30/56 MP: 4/4
   468 | D        | Reached XP level 6. HP: 33/62 MP: 5/5
   611 | D        | Found a burning altar of Makhleb.
   611 | D        | Found a viscous altar of Jiyva.
   611 | D        | Found a shimmering altar of Xom.
   611 | D        | Found a corrupted altar of Lugonu.
   611 | D        | Noticed a slime creature
   617 | D        | Killed a slime creature
   617 | D        | Reached skill level 12 in Maces & Flails
   620 | D        | Became a worshipper of Makhleb the Destroyer
   699 | D        | Found a deep blue altar of Sif Muna.
   701 | D        | Found a radiant altar of Vehumet.
   780 | D        | Found Wairuq's Book Emporium.
   780 | D        | Found an ancient bone altar of Kikubaaqudgha.
   780 | D        | Found a hazy altar of Hepliaklqana.
   780 | D        | Found a hide-covered altar of Uskayaw.
   780 | D        | Found a basalt altar of Yredelemnul.
   780 | D        | Found an opulent altar of Gozag.
   780 | D        | Found a snail-covered altar of Cheibriados.
   780 | D        | Found a sacrificial altar of Ru.
   780 | D        | Found a shadowy altar of Dithmenos.
   780 | D        | Noticed a yak
   787 | D        | Killed a yak
   787 | D        | Reached XP level 7. HP: 61/71 MP: 5/7
   788 | D        | Found a stormy altar of Qazlal.
   788 | D        | Found a blossoming altar of Fedhas.
   788 | D        | Found a bloodstained altar of Trog.
   788 | D        | Found an iron altar of Okawaru.
   788 | D        | Found a glowing golden altar of the Shining One.
   788 | D        | Found a glowing silver altar of Zin.
   788 | D        | Found a white marble altar of Elyvilon.
   791 | D        | Found a sparkling altar of Nemelex Xobeh.
   844 | D        | Noticed a kobold demonologist
   845 | D        | Noticed a kobold demonologist
   846 | D        | Reached * piety under Makhleb
   846 | D        | Reached skill level 10 in Fighting
   846 | D        | Reached skill level 13 in Maces & Flails
   846 | D        | Reached skill level 10 in Armour
   847 | D        | Noticed a neqoxec
   848 | D        | Noticed a chaos spawn
   852 | D        | Killed a kobold demonologist
   852 | D        | Reached skill level 5 in Shields
   852 | D        | Reached XP level 8. HP: 59/80 MP: 2/9
   853 | D        | Gained mutation: You are partially covered in rugged brown scales. (AC +1, +3% HP) [a neqoxec]
   862 | D        | Gained mutation: You expend magic power (3 MP) to strengthen your wands. [a neqoxec]
   864 | D        | Killed a kobold demonologist
  1072 | D        | Noticed a centaur warrior
  1088 | D        | Killed a centaur warrior
  1088 | D        | Reached ** piety under Makhleb
  1088 | D        | Reached skill level 14 in Maces & Flails
  1088 | D        | Reached skill level 5 in Dodging
  1088 | D        | Reached skill level 5 in Invocations
  1089 | D        | Noticed a centaur warrior
  1102 | D        | Killed a centaur warrior
  1102 | D        | Reached skill level 15 in Maces & Flails
  1102 | D        | Reached XP level 9. HP: 91/92 MP: 10/12
  1131 | D        | Paralysed by a hornet for 1 turns
  1214 | D        | Noticed a deep troll
  1219 | D        | Killed a deep troll
  1233 | D        | Found Inoenemn's Armour Emporium.
  1245 | D        | Bought a +4 chain mail of poison resistance for 285 gold pieces
  1267 | D        | Noticed an oklob plant
  1277 | D        | Killed an oklob plant
  1277 | D        | Reached *** piety under Makhleb
  1277 | D        | Reached skill level 16 in Maces & Flails
  1370 | D        | Reached XP level 10. HP: 101/101 MP: 14/14
  1402 | D        | Noticed Sonja
  1454 | D        | Killed Sonja
  1845 | D        | Found Nyatree's Antique Armour Boutique.
  1888 | D        | Reached **** piety under Makhleb
  1902 | D        | Reached ***** piety under Makhleb
  1946 | D        | Killed an unseen horror
  1946 | D        | Reached skill level 17 in Maces & Flails
  1954 | D        | Killed an unseen horror
  1993 | D        | Reached ****** piety under Makhleb
  2038 | D        | Found Yxuregel's Magic Scroll Shoppe.
  2038 | D        | Found Tihacal's Magic Scroll Shop.
  2038 | D        | Found Sireim's Food Boutique.
  2040 | D        | Found Vyro's Antique Weapon Emporium.
  2040 | D        | Found Golilola's Armour Shop.
  2040 | D        | Found Piysuv's Food Shoppe.
  2040 | D        | Found Erikhlenk's Assorted Antiques.
  2040 | D        | Found Hasag's Book Emporium.
  2040 | D        | Found Plog's Distillery.
  2040 | D        | Found Olokh's Book Shoppe.
  2046 | D        | Found Weisum's Armour Boutique.
  2047 | D        | Found Opaxzuziop's Armour Emporium.
  2047 | D        | Found Inwuta's Assorted Antiques.
  2048 | D        | Found Coixeegred's Armour Emporium.
  2057 | D        | Bought the scarf "Beewud" {+Blink rPois rN+ Stlth+} for 392 gold pieces
  2068 | D        | Bought a scroll of remove curse for 36 gold pieces
  2079 | D        | Bought a scroll of identify for 24 gold pieces
  2080 | D        | Bought a scroll of identify for 24 gold pieces
  2080 | D        | Bought a scroll of identify for 24 gold pieces
  2188 | D        | Reached skill level 18 in Maces & Flails
  2407 | D        | Noticed a lindwurm
  2421 | D        | Killed a lindwurm
  2421 | D        | Reached XP level 11. HP: 40/111 MP: 16/16
  2653 | D        | Reached skill level 10 in Dodging
  2770 | D        | Noticed a 12-headed hydra
  2774 | D        | Killed a 12-headed hydra
  2893 | D        | Noticed a shadow dragon
  2893 | D        | Noticed a golden dragon
  2909 | D        | Killed a shadow dragon
  2909 | D        | Reached skill level 19 in Maces & Flails
  2909 | D        | Reached skill level 10 in Invocations
  3150 | D        | Noticed a deep elf annihilator
  3167 | D        | Noticed the 27-headed Lernaean hydra
  3170 | D        | Noticed a blizzard demon
  3181 | D        | HP: 1/114 [something (7)]
  3184 | D        | Noticed a mummy priest
  3184 | D        | Mangled by the 27-headed Lernaean hydra

Skill      XL: |  1  2  3  4  5  6  7  8  9 10 11 |
---------------+----------------------------------+-----
Fighting       | 5 6 8 9 10 11 12 13 14 | 14.5
Maces & Flails | 5 8 10 12 13 15 16 18 19 | 19.2
Armour         | 4 6 8 9 10 11 12 13 14 | 14.6
Dodging        | 2 3 6 7 9 10 | 10.9
Shields        | 4 5 8 |  8.1
Invocations    | 2 3 5 7 9 10 | 10.1

Action                   |  1- 3 |  4- 6 |  7- 9 | 10-12 || total
-------------------------+-------+-------+-------+-------++-------
Melee: Flail             |    11 |    27 |    63 |   247 ||   348
       Headbutt          |     2 |     6 |    16 |    46 ||    70
Invok: Greater Servant o |       |       |       |     7 ||     7
       Lesser Servant of |       |       |       |     2 ||     2
  Use: Scroll            |       |       |       |     4 ||     4
       Potion            |       |       |       |     5 ||     5
  Eat: Chunk             |       |       |     1 |     4 ||     5
       Royal jelly       |       |       |       |     1 ||     1
Armor: Chain mail        |       |     5 |    16 |   191 ||   212
Dodge: Dodged            |     1 |     3 |    19 |    87 ||   110
Block: Shield            |     5 |     3 |    26 |   149 ||   183
